 Dungeon Crawl Stone Soup version 0.17-a0-1923-gc35365e (webtiles) character file.

107445 hexophile the Fencer (level 16, -2/149 HPs)
             Began as a Minotaur Berserker on Sept 28, 2015.
             Was the Champion of Trog.
             Slain by a deep elf knight
             ... wielding a +0 halberd
              (19 damage)
             ... on level 2 of the Elven Halls.
             The game lasted 00:50:09 (24295 turns).

hexophile the Fencer (Minotaur Berserker)          Turns: 24295, Time: 00:50:09

Health: -2/149     AC: 32    Str: 23    XL:     16   Next: 0%
Magic:  4/4        EV: 13    Int:  4    God:    Trog [******]
Gold:   2985       SH:  2    Dex: 11    Spells: 0 memorised, 15 levels left

rFire  + + +     SeeInvis .     Z - +5 great mace of Trog's Hope {antimagic, rPois rF+++ MP-9 Dex-5}
rCold  + . .     Clarity  .     g - +4 chain mail {rC+}
rNeg   . . .     SustAt   .     (no shield)
rPois  +         Gourm    .     R - +2 hat
rElec  .         Spirit   .     K - +2 cloak
rCorr  .         Warding  .     s - +0 pair of gloves
rMut   .         Stasis   .     d - +0 pair of boots
MR     +++..                    W - amulet of faith
Stlth  ..........               v - +5 ring of protection
                                O - +4 ring of slaying

@: regenerating, invisible, extremely resistant to hostile enchantments,
extremely unstealthy
A: retaliatory headbutt, horns 2, large bone plates 1, spit poison 1, wild magic
1
a: Spit Poison, Burn Spellbooks, Berserk, Trog's Hand, Brothers in Arms,
Renounce Religion


You were on level 2 of the Elven Halls.
You worshipped Trog.
Trog was exalted by your worship.
You were not hungry.

You visited 4 branches of the dungeon, and saw 26 of its levels.
You also visited: Ossuary and Volcano.

You collected 3213 gold pieces.
You spent 228 gold pieces at shops.


Innate Abilities, Weirdness & Mutations

You reflexively headbutt those who attack you in melee.
You have a pair of horns on your head.
You are partially covered in large bone plates (AC +2, SH +2).
You can spit weak poison.
Your spells are a little harder to cast, but a little more powerful.

Inventory:

Hand weapons
 b - the +7 Singing Sword
   (You found it on level 5 of the Dungeon)
 l - a +3 executioner's axe of venom
 p - a +3 double sword of draining
 J - the +13 great sword of the Gnat {vamp, +Blink +Rage Int+4}
   (Trog gifted it to you on level 6 of the Lair of Beasts)

   It inflicts no extra harm, but heals its wielder somewhat when it strikes a
   living foe.
   It affects your intelligence (+4).
   It lets you blink.
   It lets you go berserk.
 P - a +2 great sword of distortion
 Z - the +5 great mace of Trog's Hope (weapon) {antimagic, rPois rF+++ MP-9 Dex-5}
   (Trog gifted it to you on level 4 of the Orcish Mines)

   It disrupts the flow of magical energy around spellcasters and certain
   magical creatures (including the wielder).
   It affects your dexterity (-5).
   It renders you almost immune to fire.
   It protects you from poison.
   It affects your magic capacity (-9).
Armour
 d - a +0 pair of boots (worn)
 g - a +4 chain mail of cold resistance (worn)
 s - a +0 pair of gloves (worn)
 K - a +2 cloak (worn)
 R - a +2 hat (worn)
 T - a +1 ring mail of poison resistance
 Y - a +3 leather armour of fire resistance
Jewellery
 v - a +5 ring of protection (right hand)
 F - an uncursed amulet of resist mutation {unknown}
 O - a +4 ring of slaying (left hand)
 W - an amulet of faith (around neck)
Magical devices
 h - a wand of cold (8)
 i - a wand of digging (13)
 E - a wand of teleportation (7) {!V}
 G - a wand of paralysis (17)
 L - a wand of slowing (32)
 V - a wand of fireball (9)
Scrolls
 e - 2 scrolls of enchant armour
 f - 3 scrolls of fog
 k - a scroll of immolation
 n - a scroll of blinking
 t - 2 scrolls of enchant weapon
 x - 4 scrolls of fear
 y - 4 scrolls of remove curse
 z - 2 scrolls of recharging
 D - 3 scrolls of magic mapping
 H - 4 scrolls of teleportation
 X - 2 scrolls of identify
Potions
 a - a potion of agility
 j - 6 potions of curing
 o - a potion of cure mutation {!q}
 q - 4 potions of berserk rage
 r - 2 potions of haste
 w - 6 potions of lignification
 A - 2 potions of brilliance
 B - 3 potions of might
 I - a potion of resistance
 S - a potion of flight
 U - a potion of invisibility
Books
 C - a book of Changes

   Spells                             Type                      Level
   a - Beastly Appendage              Transmutation                1
   b - Sticks to Snakes               Transmutation                2
   c - Spider Form                    Transmutation/Poison         3
   d - Ice Form                       Ice/Transmutation            4
   e - Blade Hands                    Transmutation                5
   Trog disapproves of the use of such an item.
Miscellaneous
 N - a fan of gales
Comestibles
 c - 14 bread rations
 m - a slice of pizza
 u - 9 meat rations
 M - 16 royal jellies
 Q - 9 chunks of flesh


You had 15 spell levels left.
You didn't know any spells.


   Skills:
 - Level 15.5 Fighting
 - Level 16.7 Long Blades
 - Level 12.0(12.5) Axes
 + Level 6.3(10.0) Maces & Flails
 - Level 13.2 Armour
 - Level 12.3 Dodging
 - Level 9.1 Evocations

Dungeon Overview and Level Annotations

Branches:
Dungeon (12/15)            Temple (0/1) D:5            Lair (8/8) D:8
  Swamp (0/4) Lair:3        Snake (0/4) Lair:4        Slime (0/6) Lair:7
    Orc (4/4) D:11            Elf (2/3) Orc:4

Altars:
Elyvilon
Gozag
Makhleb
Yredelemnul
Beogh
Jiyva

Shops:
D:3 *   D:4 (   Orc:2 [   Orc:4 :[[:

Portals:
Trove: Elf:1 (give +4 demon blade)

Vault maps used:
D:1:      dpeg_arrival_shelter, serial_forest, infiniplex_forest_clump_large,
          infiniplex_forest_pool, infiniplex_forest_clump_long,
          infiniplex_forest_corner_2, infiniplex_forest_clump_small,
          infiniplex_forest_straight_2, infiniplex_forest_end_1, st_stairs_7
D:2:      serial_park_tiny_1
D:3:      ecumenical_altar_2, nicolae_gozag_zags_fifth_avenue
D:4:      first_bread, serial_shops, nicolae_shop_window_shopping
D:5:      old_forge, minmay_temple_entry_butterflies, bloody_makhleb,
          uniq_prince_ribbit1
D:6:      enter_ossuary_3
D:7:      uniq_joseph
D:8:      overflow_temple_1_default, minmay_lair_entry_lava
D:10:     basic_altar, david_nohive_1, uniq_gastronok
D:11:     erik_orc_3, special_room, uniq_erica
D:12:     nooodl_orcs_dogs
Lair:1:   st_stairs_4
Lair:2:   special_room
Lair:3:   minmay_swamp_entry_reptiles, nicolae_volcano_entry_lava_flow,
          serial_bayou_ford_a, nicolae_quartered_pool_little, wad_woods_antlair
Lair:4:   guppyfry_snake_entry_island, roderic_carrion_pond, uniq_rupert
Lair:6:   minmay_stone_trees_small, grunt_megastairs_2
Lair:7:   slime_altar_1, basic_altar, lemuel_fruit_fields
Lair:8:   evilmike_catoblepas_cave, uniq_snorg
Orc:1:    uniq_harold
Orc:2:    special_room, serial_shops, shop
Orc:3:    nicolae_orc_pool_cavern
Orc:4:    pubby_orc_utopia, uniq_saint_roka
Elf:1:    nicolae_trove_entry_crystal, evilmike_minifort
Elf:2:    serial_shops, shop
Ossuary:  ossuary_tomb_3
Volcano:  volcano_bunker

Vault maps used:
D:1:      dpeg_arrival_shelter, serial_forest, infiniplex_forest_clump_large,
          infiniplex_forest_pool, infiniplex_forest_clump_long,
          infiniplex_forest_corner_2, infiniplex_forest_clump_small,
          infiniplex_forest_straight_2, infiniplex_forest_end_1, st_stairs_7
D:2:      serial_park_tiny_1
D:3:      ecumenical_altar_2, nicolae_gozag_zags_fifth_avenue
D:4:      first_bread, serial_shops, nicolae_shop_window_shopping
D:5:      old_forge, minmay_temple_entry_butterflies, bloody_makhleb,
          uniq_prince_ribbit1
D:6:      enter_ossuary_3
D:7:      uniq_joseph
D:8:      overflow_temple_1_default, minmay_lair_entry_lava
D:10:     basic_altar, david_nohive_1, uniq_gastronok
D:11:     erik_orc_3, special_room, uniq_erica
D:12:     nooodl_orcs_dogs
Lair:1:   st_stairs_4
Lair:2:   special_room
Lair:3:   minmay_swamp_entry_reptiles, nicolae_volcano_entry_lava_flow,
          serial_bayou_ford_a, nicolae_quartered_pool_little, wad_woods_antlair
Lair:4:   guppyfry_snake_entry_island, roderic_carrion_pond, uniq_rupert
Lair:6:   minmay_stone_trees_small, grunt_megastairs_2
Lair:7:   slime_altar_1, basic_altar, lemuel_fruit_fields
Lair:8:   evilmike_catoblepas_cave, uniq_snorg
Orc:1:    uniq_harold
Orc:2:    special_room, serial_shops, shop
Orc:3:    nicolae_orc_pool_cavern
Orc:4:    pubby_orc_utopia, uniq_saint_roka
Elf:1:    nicolae_trove_entry_crystal, evilmike_minifort
Elf:2:    serial_shops, shop
Ossuary:  ossuary_tomb_3
Volcano:  volcano_bunker
You       could see 2 deep elf knights.


Message History

Q - 9 chunks of flesh (gained 3)
Things that are here:
a rapier; a chain mail; an elf skeleton
Items here: ( )) † a shortbow; a scimitar; 21 arrows; an elf corpse You now have 2985 gold pieces (gained 18).
X - 2 scrolls of identify (gained 1) 2 deep elf knights come into view.
The deep elf knight shouts! x2
There are monsters nearby!
There are monsters nearby! 2 deep elf knights come into view.
The deep elf knight shouts! x2
The deep elf knight moves out of view.
The deep elf knight casts a spell.
The deep elf knight seems to speed up.
A deep elf knight comes into view. It is wielding a long sword.
Your skin crawls.
You feel resistant to hostile enchantments.
You feel slightly more hungry.
The deep elf knight shouts!
The deep elf knight mumbles some strange words.
The deep elf knight seems to speed up.
The deep elf knight gestures at you while chanting.
The stone arrow hits you!
The deep elf knight hits you from afar with a halberd.
You closely miss the deep elf knight. You headbutt the deep elf knight.
The deep elf knight gestures at you while chanting.
The stone arrow hits you! The deep elf knight barely misses you.
The deep elf knight closely misses you. You furiously retaliate!
You headbutt the deep elf knight!
You hit the deep elf knight but do no damage.
The deep elf knight closely misses you.
The deep elf knight mumbles some strange words.
The deep elf knight seems to speed up.
The deep elf knight hits you but does no damage.
The deep elf knight closely misses you. You furiously retaliate!
You headbutt the deep elf knight! You thump the deep elf knight!
The deep elf knight's magic leaks into the air.
You headbutt the deep elf knight.
You kill the deep elf knight!
Trog accepts your kill.
Trog appreciates your killing of a magic user.
Your base Maces & Flails skill increases to level 6!
The deep elf knight misses you. The deep elf knight closely misses you.
The deep elf knight points at you and mumbles some strange words.
The shard of ice hits you!
The deep elf knight hits you but does no damage.
The deep elf knight closely misses you.
You closely miss the deep elf knight.
Your headbutt misses the deep elf knight.
The deep elf knight hits you but does no damage. x5
The deep elf knight blocks your attack.
The deep elf knight hits you with a war axe!
The deep elf knight hits you but does no damage.
The deep elf knight hits you from afar with a halberd.
The deep elf knight hits you but does no damage.
The deep elf knight closely misses you. You furiously retaliate!
You headbutt the deep elf knight. The deep elf knight blocks your attack.
The deep elf knight hits you with a morningstar.
The deep elf knight hits you but does no damage. x2
The deep elf knight hits you with a morningstar.
The deep elf knight hits you but does no damage.
The deep elf knight hits you with a long sword!
You bludgeon the deep elf knight!!
The deep elf knight's shroud falls apart!
The deep elf knight's magic leaks into the air.
The deep elf knight hits you but does no damage.
The deep elf knight hits you with a morningstar!
The deep elf knight hits you from afar with a halberd!
The deep elf knight casts a spell.
The deep elf knight flickers and vanishes!
Deactivating autopickup; reactivate with Ctrl-A.
The deep elf knight barely misses you.
You bludgeon the deep elf knight!!
You kill the deep elf knight!
Trog accepts your kill.
Trog appreciates your killing of a magic user.
You have reached level 16!
You feel stronger.
The deep elf knight hits you with a morningstar.
The deep elf knight hits you but does no damage.
Something hits you!
* * * LOW HITPOINT WARNING * * *
The deep elf knight hits you with a morningstar.
* * * LOW HITPOINT WARNING * * *
The deep elf knight hits you from afar with a halberd.
* * * LOW HITPOINT WARNING * * *
Drink which item? (? for menu, Esc to quit)
Okay, then.
Here: a deep elf knight, wielding a morningstar, wearing a chain mail and wearing a buckler (fast, shrouded)
The floor.
Drink which item? (? for menu, Esc to quit)
You fade into invisibility!
The deep elf knight hits you with a morningstar!
* * * LOW HITPOINT WARNING * * *
The deep elf knight hits you from afar with a halberd!!
You die...

Action                   |  1- 3 |  4- 6 |  7- 9 | 10-12 | 13-15 | 16-18 || total
-------------------------+-------+-------+-------+-------+-------+-------++-------
Melee: Hand axe          |    98 |   124 |   162 |       |       |       ||   384
       Double sword      |       |       |   126 |   540 |   130 |       ||   796
       Great sword       |       |       |       |       |  1083 |       ||  1083
       Morningstar       |       |       |       |       |    12 |       ||    12
       Great mace        |       |       |       |       |    93 |       ||    93
Invok: Trog's Hand       |       |     4 |     7 |     8 |    17 |       ||    36
       Berserk           |       |     2 |     5 |     3 |     6 |       ||    16
       Brothers in Arms  |       |       |       |       |     5 |       ||     5
Evoke: Wand              |       |       |     1 |     1 |     1 |       ||     3
  Use: Potion            |       |     1 |       |    13 |     6 |     1 ||    21
       Scroll            |       |    11 |    14 |     8 |    16 |       ||    49
 Stab: Confused          |       |       |       |     1 |       |       ||     1
       Distracted        |       |       |       |       |     1 |       ||     1
  Eat: Chunk             |     3 |     8 |    16 |    20 |    24 |       ||    71
       Pizza             |       |       |     1 |       |     2 |       ||     3
       Fruit             |       |       |       |     2 |     3 |       ||     5
       Beef jerky        |       |       |       |     1 |     2 |       ||     3
       Bread ration      |       |       |       |     1 |     3 |       ||     4
       Royal jelly       |       |       |       |       |     4 |       ||     4

Notes
Turn   | Place    | Note
--------------------------------------------------------------
     0 | D:1      | hexophile the Minotaur Berserker began the quest for the Orb.
     0 | D:1      | Reached XP level 1. HP: 19/19 MP: 0/0
    52 | D:1      | Reached skill level 4 in Axes
   147 | D:1      | Reached XP level 2. HP: 26/26 MP: 1/1
   973 | D:1      | Reached skill level 5 in Axes
  1005 | D:2      | Reached XP level 3. HP: 23/31 MP: 2/2
  1038 | D:2      | Acquired Trog's second power
  2012 | D:3      | Reached XP level 4. HP: 27/39 MP: 3/3
  2016 | D:3      | Reached skill level 6 in Axes
  2027 | D:3      | HP: 6/39 [poisoned by a kobold]
  2247 | D:3      | Reached skill level 7 in Axes
  2247 | D:3      | Reached XP level 5. HP: 27/45 MP: 4/4
  2650 | D:3      | Found an opulent altar of Gozag.
  2654 | D:3      | Found Gozag's Platinum Reserve.
  2749 | D:3      | Reached skill level 8 in Axes
  2835 | D:3      | Found a faded altar to an unknown god.
  2844 | D:3      | Reached XP level 6. HP: 46/51 MP: 5/5
  3182 | D:4      | Reached skill level 9 in Axes
  3201 | D:4      | Found Hegg's Weapon Shop.
  3676 | D:5      | Entered Level 5 of the Dungeon
  3686 | D:5      | Reached XP level 7. HP: 51/57 MP: 6/6
  3715 | D:5      | Reached skill level 10 in Axes
  3865 | D:5      | Noticed Prince Ribbit
  3887 | D:5      | Killed Prince Ribbit
  3887 | D:5      | Reached skill level 11 in Axes
  3887 | D:5      | Reached XP level 8. HP: 28/64 MP: 7/7
  4105 | D:5      | Found a burning altar of Makhleb.
  4222 | D:5      | Found a staircase to the Ecumenical Temple.
  4243 | D:5      | Acquired Trog's third power
  4260 | D:5      | Reached skill level 12 in Axes
  4561 | D:6      | Received a gift from Trog
  4561 | D:6      | Reached skill level 5 in Long Blades
  4594 | D:6      | Found a sand-covered staircase.
  4600 | Ossuary  | Entered an ossuary
  4643 | Ossuary  | Noticed Tux's ghost (experienced DEIE)
  4657 | Ossuary  | Killed Tux's ghost
  4657 | Ossuary  | Reached XP level 9. HP: 49/71 MP: 8/8
  5461 | D:7      | Noticed Joseph
  5477 | D:7      | Killed Joseph
  5741 | D:7      | Reached skill level 10 in Long Blades
  6214 | D:8      | Reached skill level 5 in Fighting
  6323 | D:8      | Found a staircase to the Lair.
  6329 | D:8      | Noticed a fire drake
  6341 | D:8      | Killed a fire drake
  6945 | D:8      | Reached XP level 10. HP: 82/84 MP: 9/9
  7036 | D:8      | Found a burning altar of Makhleb.
  8265 | D:10     | Entered Level 10 of the Dungeon
  8349 | D:10     | Noticed Gastronok
  8364 | D:10     | Killed Gastronok
  8364 | D:10     | Reached skill level 13 in Long Blades
  8419 | D:10     | Found a white marble altar of Elyvilon.
  8499 | D:10     | Noticed a hill giant
  8523 | D:10     | Killed a hill giant
  8523 | D:10     | Reached skill level 10 in Fighting
  8523 | D:10     | Reached XP level 11. HP: 99/99 MP: 10/10
  8527 | D:10     | Noticed cireshan's ghost (powerful DECj)
  8565 | D:10     | Killed cireshan's ghost
  9282 | Lair:1   | Entered Level 1 of the Lair of Beasts
  9286 | Lair:1   | Reached skill level 14 in Long Blades
  9721 | Lair:1   | HP: 18/104 [spiny frog (13)]
 10523 | Lair:1   | Noticed a seven-headed hydra
 10899 | Lair:2   | Received a gift from Trog
 10899 | Lair:2   | Reached skill level 5 in Armour
 10899 | Lair:2   | Reached skill level 5 in Dodging
 10899 | Lair:2   | Reached XP level 12. HP: 63/113 MP: 11/11
 11694 | Lair:3   | Found a staircase to the Swamp.
 11759 | Lair:3   | Reached skill level 1 in Evocations
 11774 | Lair:3   | Found a dark tunnel.
 11783 | Volcano  | Entered a volcano
 11863 | Volcano  | Received a gift from Trog
 12600 | Lair:3   | Received a gift from Trog
 12940 | Lair:3   | Gained mutation: You have a pair of large horns on your head. [potion of beneficial mutation]
 12997 | Lair:3   | Lost mutation: You have a pair of large horns on your head. [potion of cure mutation]
 13457 | Lair:4   | Noticed Rupert
 13483 | Lair:4   | Killed Rupert
 13483 | Lair:4   | Reached XP level 13. HP: 122/122 MP: 15/15
 13501 | Lair:4   | Noticed a catoblepas
 13520 | Lair:4   | Killed a catoblepas
 13801 | Lair:4   | Found a staircase to the Snake Pit.
 13924 | Lair:4   | Noticed a six-headed hydra
 13939 | Lair:4   | Killed a six-headed hydra
 13939 | Lair:4   | Reached skill level 5 in Evocations
 14606 | Lair:5   | Received a gift from Trog
 14686 | Lair:5   | Reached skill level 10 in Armour
 15260 | Lair:6   | Identified a scroll of acquirement
 15411 | Lair:6   | Received a gift from Trog
 15429 | Lair:6   | Got a faintly glowing great sword {god gift}
 15431 | Lair:6   | Identified the +13 great sword of the Gnat {vamp, +Blink +Rage Int+4} (Trog gifted it to you on level 6 of the Lair of Beasts)
 16192 | Lair:7   | Found a staircase to the Slime Pits.
 16192 | Lair:7   | Found a viscous altar of Jiyva.
 16194 | Lair:7   | Reached skill level 15 in Long Blades
 16354 | Lair:7   | Reached skill level 10 in Dodging
 16451 | Lair:7   | Reached XP level 14. HP: 130/130 MP: 17/17
 16543 | Lair:7   | Found a basalt altar of Yredelemnul.
 16894 | Lair:8   | Entered Level 8 of the Lair of Beasts
 17138 | Lair:7   | Gained mutation: You can spit weak poison. [potion of mutation]
 17138 | Lair:7   | Gained mutation: Your spells are a little harder to cast, but a little more powerful. [potion of mutation]
 17138 | Lair:7   | Gained mutation: You are partially covered in large bone plates (AC +2, SH +2). [potion of mutation]
 17442 | Lair:8   | Noticed Snorg
 17459 | Lair:8   | Killed Snorg
 17656 | Lair:8   | Received a gift from Trog
 18767 | D:11     | Found a staircase to the Orcish Mines.
 18777 | D:11     | Noticed Erica
 18816 | D:11     | Killed Erica
 18816 | D:11     | Received a gift from Trog
 19255 | D:12     | Reached XP level 15. HP: 139/139 MP: 20/20
 19292 | D:12     | Reached skill level 16 in Long Blades
 19403 | D:12     | Reached skill level 15 in Fighting
 19821 | D:12     | Received a gift from Trog
 20296 | Orc:1    | Entered Level 1 of the Orcish Mines
 20468 | Orc:1    | Noticed Harold
 20482 | Orc:1    | Killed Harold
 20716 | Orc:1    | Received a gift from Trog
 20841 | Orc:2    | Found Liul's Antique Armour Emporium.
 21269 | Orc:2    | Found a roughly hewn altar of Beogh.
 21271 | Orc:2    | Received a gift from Trog
 21622 | Orc:3    | Received a gift from Trog
 21831 | Orc:4    | Entered Level 4 of the Orcish Mines
 21912 | Orc:4    | Received a gift from Trog
 22025 | Orc:4    | Paralysed by an orc sorcerer for 7 turns
 22244 | Orc:4    | Found a roughly hewn altar of Beogh.
 22259 | Orc:4    | Received a gift from Trog
 22262 | Orc:4    | Found Caankyif's Book Boutique.
 22277 | Orc:4    | Found Usor's Antique Armour Shop.
 22673 | Orc:4    | Received a gift from Trog
 22712 | Orc:4    | Found Udurchov's Antique Armour Shop.
 22723 | Orc:4    | Bought an ichor-stained chain mail for 228 gold pieces
 22767 | Orc:4    | Identified the cursed +0 chain mail of Goif {Int+4 Dex-3} (You bought it in a shop on level 4 of the Orcish Mines)
 22796 | Orc:4    | Found a roughly hewn altar of Beogh.
 22884 | Orc:4    | Found Nesow's Book Boutique.
 22888 | Orc:4    | Received a gift from Trog
 23030 | Orc:4    | Received a gift from Trog
 23200 | Orc:4    | Noticed Saint Roka
 23215 | Orc:4    | Killed Saint Roka
 23397 | Orc:4    | Received a gift from Trog
 23399 | Orc:4    | Found a staircase to the Elven Halls.
 23414 | Orc:4    | Got a translucent great mace {god gift}
 23416 | Orc:4    | Identified the +5 great mace of Trog's Hope {antimagic, rPois rF+++ MP-9 Dex-5} (Trog gifted it to you on level 4 of the Orcish Mines)
 23572 | Elf:1    | Entered Level 1 of the Elven Halls
 23593 | Elf:1    | Reached skill level 1 in Maces & Flails
 23997 | Elf:1    | Found a portal to a secret trove of treasure.
 24084 | Elf:1    | Received a gift from Trog
 24105 | Elf:1    | Reached skill level 5 in Maces & Flails
 24294 | Elf:2    | Reached XP level 16. HP: 50/149 MP: 4/21
 24294 | Elf:2    | HP: 28/149 [deep elf knight/morningstar (5)]
 24295 | Elf:2    | Slain by a deep elf knight

Table legend:
 A = Turns spent in this place as a percentage of turns spent in the entire game.
 B = Non-inter-level travel turns spent in this place as a percentage of non-inter-level travel turns spent in the entire game.
 C = Inter-level travel turns spent in this place as a percentage of turns spent in this place.
 D = Turns resting spent in this place as a percentage of non-inter-level travel turns spent in this place.
 E = Turns spent auto-exploring this place as a percentage of non-inter-level travel turns spent in this place.
 F = Non-inter-level travel turns spent in this place divided by the number of levels of this place that you've seen.
                   A       B       C       D       E      F
               +-------+-------+-------+-------+-------+----------------------
         Total | 100.0 | 100.0 |   0.5 |   2.5 |  10.2 | 298.5
       Dungeon |  36.5 |  36.4 |   0.7 |   2.9 |  12.0 | 253.6
          Lair |  33.7 |  33.7 |   0.5 |   3.1 |   8.2 | 351.9
  Orcish Mines |  20.3 |  20.4 |   0.2 |   1.3 |  13.2 | 425.8
   Elven Halls |   3.9 |   3.9 |   0.3 |   2.1 |   5.5 | 165.0
       Ossuary |   1.8 |   1.8 |   0.0 |   3.4 |  10.1 | 149.0
       Volcano |   3.8 |   3.8 |   0.0 |   0.6 |   0.0 | 318.0
               +-------+-------+-------+-------+-------+----------------------

Table legend:
 A = Kills in this place as a percentage of kills in entire the game.
 B = Kills by you in this place as a percentage of kills by you in the entire game.
 C = Kills by friends in this place as a percentage of kills by friends in the entire game.
 D = Other kills in this place as a percentage of other kills in the entire game.
 E = Experience gained in this place as a percentage of experience gained in the entire game.
 F = Experience gained in this place divided by the number of levels of this place that you have seen.
                   A       B       C       D       E      F
               +-------+-------+-------+-------+-------+----------------------
         Total | 100.0 | 100.0 | 100.0 |  -nan | 100.0 | 5481.9
       Dungeon |  32.8 |  33.5 |   0.0 |  -nan |  19.9 | 2543.4
          Lair |  28.3 |  28.8 |   0.0 |  -nan |  52.7 | 10110.5
  Orcish Mines |  33.2 |  32.9 |  47.6 |  -nan |  17.7 | 6776.2
   Elven Halls |   3.4 |   2.5 |  52.4 |  -nan |   7.8 | 5956.0
       Ossuary |   1.5 |   1.5 |   0.0 |  -nan |   0.3 | 492.0
       Volcano |   0.8 |   0.8 |   0.0 |  -nan |   1.7 | 2579.0
               +-------+-------+-------+-------+-------+----------------------

Vanquished Creatures
  Saint Roka (Orc:4)
  Rupert (Lair:4)
  Gastronok (D:10)
  2 orc warlords
  Snorg (Lair:8)
  Harold (Orc:1)
  5 catoblepae
  6 hydras
  Erica (D:11)
  An ogre mage (D:12)
  27 death yaks
  A queen ant (Lair:3)
  The ghost of cireshan the Thaumaturge, a powerful DECj of Sif Muna (D:10)
  6 orc high priests (Orc:4)
  A fire crab (Lair:6)
  3 deep elf knights
  3 skeletal warriors (D:12)
  A lindwurm (Lair:7)
  A deep elf summoner (Elf:1)
  2 orc sorcerers (Orc:4)
  A cyclops (D:12)
  2 orc knights (Orc:4)
  6 deep elf conjurers
  2 hill giants
  A griffon (Lair:7)
  12 elephants (Lair:6)
  6 black mambas
  3 toenail golems (Volcano)
  Joseph (D:7)
  9 spiny frogs
  A gargoyle (D:10)
  2 fire drakes
  3 komodo dragons
  2 queen bees
  The ghost of Tux the Magician, an experienced DEIE (Ossuary)
  A polar bear (Lair:8)
  A troll (D:10)
  6 two-headed ogres
  A deep elf priest (Elf:1)
  Prince Ribbit (D:5)
  2 boulder beetles
  23 blink frogs
  A shadow (D:12)
  2 wyverns
  9 deep elf magi
  2 wraiths
  15 yaks
  7 hippogriffs
  3 vampire mosquitoes (D:12)
  3 basilisks
  6 humans (Volcano)
  5 soldier ants
  7 wargs
  27 wolves
  3 nagas
  8 deep elf fighters (Elf:1)
  An ice beast (D:5)
  11 porcupines
  54 orc warriors
  A swamp drake (Lair:3)
  20 water moccasins
  5 sky beasts
  An eye of draining (D:9)
  6 necrophages (Lair:4)
  2 phantoms
  2 wasps
  3 centaurs
  10 big kobolds (D:11)
  20 ogres
  19 crocodiles
  A brain worm (Lair:7)
  A gnoll sergeant (D:7)
  15 giant frogs
  9 scorpions
  53 killer bees
  12 wights (D:12)
  3 electric eels
  3 crimson imps
  3 centaur zombies
  11 iguanas
  7 jellies
  29 orc wizards
  2 hounds
  40 orc priests
  22 sheep
  17 worker ants
  A big kobold zombie (Ossuary)
  A hound skeleton (D:6)
  A hound zombie (D:10)
  8 mummies (Ossuary)
  A worker ant zombie (D:6)
  5 gnolls (D:7)
  39 river rats
  14 adders
  An ooze (D:2)
  An adder zombie (D:9)
  2 adder skeletons
  4 worms
  7 giant geckos
  296 orcs
  2 ball pythons
  9 bats
  5 giant cockroaches
  9 goblins
  10 hobgoblins
  5 jackals
  13 kobolds
  6 quokkas
  A giant gecko skeleton (D:5)
  A giant gecko zombie (D:6)
  4 giant newts
  A hobgoblin zombie (Ossuary)
  A jackal skeleton (D:9)
  5 kobold zombies (Ossuary)
  An orc zombie (Ossuary)
  A quokka skeleton (D:9)
  11 rats
  A fungus (Lair:4)
  9 plants
1110 creatures vanquished.

Vanquished Creatures (collateral kills)
  2 orc high priests
  A deep elf knight (Elf:2)
  A deep elf conjurer (Elf:2)
  A deep elf priest (Elf:2)
  A deep elf fighter (Elf:2)
  2 orc warriors
  2 orc priests
  11 orcs
21 creatures vanquished.

Vanquished Creatures (others)
  An orc priest (Orc:4)
  2 orcs (D:12)
  24 fungi
  25 plants
52 creatures vanquished.

Grand Total: 1183 creatures vanquished
